 Dungeon Crawl Stone Soup version 0.31-a0-234-gad7ace16ef (webtiles) character file.

Game seed: 14015941305154916133

970 Nattfarinn the Shooter (level 8, 0/58 HPs)
             Began as a Djinni Hexslinger on July 10, 2023.
             Slain by an ice beast (21 damage)
             ... on level 6 of the Dungeon.
             The game lasted 00:15:52 (4767 turns).

Nattfarinn the Shooter (Djinni Hexslinger)          Turns: 4767, Time: 00:15:54

Health: 0/58       AC:  6    Str: 13    XL:     8   Next: 38%
Gold:   761        EV: 13    Int: 16    God:
                   SH:  0    Dex: 25

rFire   + + .        h - +0 longbow
rCold   x . .        (shield currently unavailable)
rNeg    . . .        k - +0 leather armour of Oblivion {rElec Dex+8}
rPois   ∞            x - +1 helmet
rElec   +            (no cloak)
rCorr   .            w - +0 pair of gloves
SInv    .            (boots unavailable)
Will    .....        q - amulet of regeneration
Stlth   ++           f - +6 ring of strength
HPRegen 1.09/turn    (no ring)
MPRegen 0.00/turn

%: infuse magic (-1 HP)
@: flying
A: sickness immunity, fire resistance 2, cold vulnerability 1, float, innate
caster, HP casting, extra vitality 1
a: no special abilities


You were on level 6 of the Dungeon.
You visited 2 branches of the dungeon, and saw 7 of its levels.

You collected 845 gold pieces.
You spent 84 gold pieces at shops.

Inventory:

Hand Weapons
 a - a +1 sling
 h - a +0 longbow (weapon)
Missiles
 p - a throwing net
Armour
 c - a +0 robe
 k - the +0 leather armour of Oblivion (worn) {rElec Dex+8}
   (You found it on level 2 of the Dungeon)

   Dex:       It affects your dexterity (+8).
   rElec:     It insulates you from electricity.
 w - a +0 pair of gloves (worn)
 x - a +1 helmet (worn)
 B - a +2 leather armour of willpower
Magical Staves
 o - a staff of fire
Jewellery
 f - a +6 ring of strength (left hand)
 g - an amulet of reflection
 q - an amulet of regeneration (around neck)
Wands
 t - a wand of digging (5)
 u - a wand of charming (17)
 y - a wand of acid (3)
 D - a wand of roots (5)
Scrolls
 b - a scroll of poison
 l - a scroll of fog
 n - a scroll of revelation {unknown}
 r - 2 scrolls of fear
 s - a scroll of teleportation {unknown}
Potions
 d - 3 potions of brilliance {unknown}
 e - 4 potions of enlightenment {unknown}
 i - a potion of might {unknown}
 j - a potion of mutation {unknown}
 m - 6 potions of curing {unknown}
 v - a potion of degeneration {unknown}
 z - a potion of invisibility {unknown}
 A - a potion of heal wounds {unknown}
 C - a potion of haste {unknown}


   Skills:
 - Level 4.5 Fighting
 + Level 6.8 Ranged Weapons
 - Level 2.1 Dodging
 - Level 2.3 Spellcasting
 - Level 2.3 Conjurations
 - Level 2.3 Hexes
 - Level 2.3 Summonings
 - Level 2.3 Necromancy
 - Level 2.3 Translocations
 - Level 2.3 Transmutations
 - Level 2.3 Fire Magic
 - Level 2.3 Ice Magic
 - Level 2.3 Air Magic
 - Level 2.3 Earth Magic
 - Level 2.3 Poison Magic


You knew the following spells:

 Your Spells              Type           Power      Damage    Failure   Level
a - Slow                  Hex            36%        N/A       10%         1
b - Inner Flame           Hex/Fire       9%         N/A       28%         3
c - Portal Projectile     Hex/Tloc       18%        N/A       28%         3
d - Cause Fear            Hex            4%         N/A       67%         4
e - Magic Dart            Conj           36%        1d4       10%         1
f - Call Imp              Summ           18%        N/A       14%         2
g - Hailstorm             Conj/Ice       9%         3d4       28%         3
Your spell library was empty.

Dungeon Overview and Level Annotations

Branches:
Dungeon (6/15)             Temple (1/1) D:4

Altars:
Ashenzari
Cheibriados
Elyvilon
Fedhas
Gozag
Makhleb
Nemelex Xobeh
Qazlal
Uskayaw
Xom
Yredelemnul

Shops:
D:5 (   D:6 [


Innate Abilities, Weirdness & Mutations

You are immune to sickness and miasma.
You are immune to poison.
Your flesh is very heat resistant. (rF++)
You are vulnerable to cold. (rC-)
You float through the air rather than walking.
You learn spells naturally, not from books.
Your magical power is your life essence.
You have superior vitality. (+4 MHP)


Message History

You shoot an arrow. The arrow closely misses the ice beast.
The ice beast hits you. The ice beast freezes you!!
You feel a terrible chill!
The ice beast hits you but does no damage.
You are too injured to fight recklessly!
You are too injured to fight recklessly!
You are too injured to fight recklessly!
You are too injured to fight recklessly!
Fire: h) +0 longbow
Press: ? - help, Shift-Dir - straight line, f/p - ice beast
Aim: an ice beast (almost dead, 67% to hit)
You shoot an arrow. The arrow closely misses the ice beast.
The ice beast misses you.
Fire: h) +0 longbow
Press: ? - help, Shift-Dir - straight line, f/p - ice beast
Aim: an ice beast (almost dead, 67% to hit)
You shoot an arrow.
The arrow hits the ice beast but does no damage.
The ice beast is almost dead.
The ice beast closely misses you.
Fire: h) +0 longbow
Press: ? - help, Shift-Dir - straight line, f/p - ice beast
Aim: an ice beast (almost dead, 67% to hit)
You shoot an arrow. The arrow barely misses the ice beast.
The ice beast hits you. The ice beast freezes you!
You feel a terrible chill! The ice beast closely misses you.
Unknown command.
Fire: h) +0 longbow
Press: ? - help, Shift-Dir - straight line, f/p - ice beast
Aim: an ice beast (almost dead, 67% to hit)
You shoot an arrow.
The arrow hits the ice beast but does no damage.
The ice beast is almost dead.
The ice beast completely misses you.
Fire: h) +0 longbow
Press: ? - help, Shift-Dir - straight line, f/p - ice beast
Aim: an ice beast (almost dead, 67% to hit)
You shoot an arrow.
The arrow completely misses the ice beast.
The ice beast hits you. The ice beast freezes you!!
You feel a terrible chill!
You die...

#...# #..## #.# .. #...#
#..###.# . #...##
#..#.... . #....#
#....#.# #. #....#
#.#<.<.. ##.###....#
#.......
..#.........#####..#.#..
#........##.............
##.$<..@..#######..#.#..
#.....Y...# #.......
..........# #.#.##..
#.........# #...##..
#....$....#######.#####.
#.................######
#.........#######....###
#.........# #..#..#.
...#######.###...


You could see an ice beast.

Vanquished Creatures
  A black bear (D:4)
  An ogre (D:5)
  Blork the orc (D:5)
  A phantom (D:3)
  A gnoll sergeant (D:5)
  A scorpion (D:5)
  A howler monkey (D:5)
  A jelly (D:6)
  Ijyb (D:5)
  A sleepcap (D:4)
  2 iguanas
  4 orc wizards (D:4)
  4 gnolls
  9 adders
  An ufetubus (D:5)
  A worm (D:2)
  4 dart slugs (D:2)
  17 orcs
  11 endoplasms
  2 giant cockroaches
  4 goblins
  8 hobgoblins
  A jackal (D:5)
  10 kobolds
  4 quokkas
  5 ball pythons
  4 bats
  4 frilled lizards
  6 rats
  A butterfly (D:4)
112 creatures vanquished.

Vanquished Creatures (collateral kills)
  An orc (D:4)
1 creature vanquished.

Vanquished Creatures (others)
  2 scorpions (D:5)
  A hound (D:5)
  An adder (D:5)
  A jackal (D:5)
5 creatures vanquished.

Grand Total: 118 creatures vanquished

Notes
Turn   | Place    | Note
-------+----------+-------------------------------------------
     0 | D:1      | Nattfarinn the Djinni Hexslinger began the quest for the
                  | Orb.
     0 | D:1      | Nattfarinn set off with the following spells memorised:
                  | Slow, Inner Flame, Portal Projectile, Cause Fear.
     0 | D:1      | Reached XP level 1. HP: 17/17 MP: 0/0
   104 | D:1      | Reached XP level 2. HP: 20/22 MP: 0/0
   137 | D:1      | Reached skill level 2 in Ranged Weapons
   518 | D:1      | Reached XP level 3. HP: 28/28 MP: 0/0
   518 | D:1      | Learned a level 1 spell: Magic Dart
  1076 | D:2      | Identified the +0 leather armour of Oblivion {rElec Dex+8}
  1121 | D:2      | Reached XP level 4. HP: 31/34 MP: 0/0
  1592 | D:3      | Noticed a phantom
  1639 | D:2      | Reached skill level 3 in Ranged Weapons
  1639 | D:2      | Reached XP level 5. HP: 28/40 MP: 0/0
  1639 | D:2      | Learned a level 2 spell: Call Imp
  2572 | D:3      | Killed a phantom
  2573 | D:3      | Reached XP level 6. HP: 47/47 MP: 0/0
  2705 | D:4      | Noticed a black bear
  2719 | D:4      | Killed a black bear
  2720 | D:4      | Reached skill level 4 in Ranged Weapons
  2748 | D:4      | Identified a scroll of acquirement
  2749 | D:4      | Acquired 535 gold pieces
  3035 | D:4      | Reached XP level 7. HP: 53/53 MP: 0/0
  3035 | D:4      | Learned a level 3 spell: Hailstorm
  3264 | D:4      | Found a staircase to the Ecumenical Temple.
  3269 | Temple   | Entered the Ecumenical Temple
  3853 | D:4      | Reached skill level 5 in Ranged Weapons
  3867 | D:4      | Found a hide-covered altar of Uskayaw.
  3999 | D:5      | Entered Level 5 of the Dungeon
  4002 | D:5      | Found Ycko's Weapon Boutique.
  4008 | D:5      | Bought a +0 longbow for 84 gold pieces
  4017 | D:5      | Found a shimmering altar of Xom.
  4023 | D:5      | Reached XP level 8. HP: 58/58 MP: 0/0
  4024 | D:5      | Reached skill level 6 in Ranged Weapons
  4148 | D:5      | Noticed Ijyb
  4157 | D:5      | Killed Ijyb
  4306 | D:5      | Found an opulent altar of Gozag.
  4336 | D:5      | Noticed Blork the orc
  4393 | D:5      | Killed Blork the orc
  4673 | D:6      | Found Unoss's Armour Shoppe.
  4767 | D:6      | Slain by an ice beast

Illustrated notes

Levels and vault maps discovered:
D:1:      lightli_arrival_statue_moat, layout_basic, serial_forest,
          infiniplex_forest_split, infiniplex_forest_diagonal,
          infiniplex_forest_lined_4_way, infiniplex_forest_clump_cross,
          infiniplex_forest_straight_1, infiniplex_forest_straight_1,
          infiniplex_forest_straight_2, infiniplex_forest_lined_ring,
          infiniplex_forest_corner_1
D:2:      layout_rooms
D:3:      layout_rooms, st_stairs_1
D:4:      layout_basic, eat_drink_and_be_merry_uskayaw,
          minmay_temple_entry_butterflies
D:5:      layout_rooms, xom_confusion_cloud, lemuel_tele_altar, serial_shops,
          nicolae_shop_tiny_statue_garden, minmay_misc_feat_rows, uniq_ijyb,
          uniq_blork_the_orc
D:6:      minmay_opposing_rooms, layout_rooms, serial_shops, shop, serial_glass,
          glass_columns_b, glass_columns_a, minmay_strange_pillars,
          minmay_strange_pillars, uniq_crazy_yiuf_cottage
Temple:   jpeg_temple_clearing

Skill      XL: |  1  2  3  4  5  6  7  8 |
---------------+-------------------------+-----
Ranged Weapons | 2 3 4 5 6 |  6.8
Fighting       | 2 3 4 |  4.5
Dodging        | |  2.1
Spellcasting   | |  2.3
Conjurations   | |  2.3
Hexes          | |  2.3
Summonings     | |  2.3
Necromancy     | |  2.3
Translocations | |  2.3
Transmutations | |  2.3
Fire Magic     | |  2.3
Ice Magic      | |  2.3
Air Magic      | |  2.3
Earth Magic    | |  2.3
Poison Magic   | |  2.3

Action                     |  1- 3 |  4- 6 |  7- 9 || total
---------------------------+-------+-------+-------++-------
   Fire: Sling             |    86 |   108 |    44 ||   238
         Longbow           |       |       |    51 ||    51
   Cast: Slow              |     3 |    10 |     4 ||    17
         Call Imp          |       |     9 |     4 ||    13
         Inner Flame       |       |     1 |     5 ||     6
         Hailstorm         |       |       |     3 ||     3
    Use: Scroll            |       |     5 |     3 ||     8
 Armour: Robe              |     4 |       |       ||     4
         Leather armour    |       |     5 |    15 ||    20
  Dodge: Dodged            |     9 |    41 |    28 ||    78

Table legend: (Time is in decaauts)
 A = Elapsed time spent in this place.
 B = Non-inter-level travel time spent in this place.
 C = Inter-level travel time spent in this place.
 D = Time resting spent in this place.
 E = Time spent auto-exploring this place.
 F = Levels seen in this place.
 G = Mean time per level.
                   A        B        C        D        E       F      G
               +--------+--------+--------+--------+--------+-----+--------+
         Total |   4860 |   4149 |    711 |    410 |   2986 |   7 |  694.3 |
       Dungeon |   4719 |   4026 |    693 |    410 |   2875 |   6 |  786.5 |
        Temple |    140 |    122 |     18 |      0 |    111 |   1 |  140.0 |
               +--------+--------+--------+--------+--------+-----+--------+

Top non-repeatable levels by time:
     D:4: 1146 daAuts
     D:2: 1112 daAuts
     D:1: 1012 daAuts
     D:5: 687 daAuts
     D:3: 659 daAuts
  Temple: 140 daAuts
     D:6: 100 daAuts
